 Dungeon Sprint DCSS version 0.27-a0-1273-gec92ba881d (webtiles) character file.

Game seed: 39816266416849864

2949 mhtbhm the Carver (level 9, -4/81 HPs)
             Began as a Demonspawn Berserker on June 12, 2021.
             Was a High Priest of Trog.
             Slain by a boulder beetle (23 damage)
             ... in the Dungeon (Sprint IX: "|||||||||||||||||||||||||||||").
             The game lasted 00:02:01 (1038 turns).

mhtbhm the Carver (Demonspawn Berserker)            Turns: 1038, Time: 00:02:02

Health: -4/81      AC: 13    Str: 23    XL:     9   Next: 51%
Magic:  9/9        EV: 21    Int:  9    God:    Trog [*****.]
Gold:   0          SH:  0    Dex: 13    Spells: 8/8 levels left

rFire    . . .     SeeInvis .   a - +0 falchion
rCold    . . .     Faith    .   (no shield)
rNeg     . . .     Spirit   .   b - +1 scale mail
rPois    .         Reflect  .   k - +0 helmet
rElec    .         Harm     .   l - +0 cloak
rCorr    .         Rampage  .   (no gloves)
Will     .....     NoTele   +   (no boots)
Stlth    +.........             (no amulet)
HPRegen  0.23/turn              m - +3 ring of strength
MPRegen  0.11/turn              n - +2 ring of protection

@: agile, on berserk cooldown, slowed, very slow
A: claws 1, repulsion field 2, ignite blood 2, powered by pain 1
a: Renounce Religion, Berserk, Trog's Hand, Brothers in Arms


You were in the Dungeon.
You worshipped Trog.
Trog was extremely pleased with you.
You visited 1 branch

Inventory:

Hand Weapons
 a - a +0 falchion (weapon)
Armour
 b - a +1 scale mail (worn)
 k - a +0 helmet (worn)
 l - a +0 cloak (worn)
Jewellery
 m - a +3 ring of strength (left claw)
 n - a +2 ring of protection (right claw)
Wands
 j - a wand of iceblast (9)
Scrolls
 h - 2 scrolls of blinking
Potions
 c - 5 potions of curing
 d - 2 potions of heal wounds
 e - a potion of haste
 f - 4 potions of magic
 g - a potion of berserk rage
 i - a potion of invisibility


   Skills:
 + Level 11.6 Fighting
 + Level 13.5 Long Blades
 + Level 7.9 Armour
 + Level 7.1 Dodging
 + Level 4.3 Stealth
 + Level 0.3 Evocations


You had 8 spell levels left.
You didn't know any spells.
Your spell library was empty.

Dungeon Overview and Level Annotations

Branches:
Dungeon (1/1)

Altars:
Cheibriados
Dithmenos
Elyvilon
Fedhas
Gozag
Hepliaklqana
Kikubaaqudgha
Makhleb
Nemelex Xobeh
Okawaru
Qazlal
Ru
Sif Muna
Trog
Uskayaw
Vehumet
Wu Jian
Xom
Yredelemnul
Zin
The Shining One
Beogh
Jiyva
Lugonu


Innate Abilities, Weirdness & Mutations

You have sharp fingernails.
You are surrounded by a moderate repulsion field. (EV +3)
Your demonic aura often causes spilled blood to erupt in flames.
You sometimes gain a little power by taking damage.


Message History

The centaur warrior kicks you but does no damage.
You slash the centaur warrior!
The centaur warrior is heavily wounded.
You hit the centaur warrior.
The centaur warrior is severely wounded.
The centaur warrior is engulfed in blazing flames.
The centaur warrior completely misses you.
The centaur warrior kicks you.
The boulder beetle leaps!
You slash the centaur warrior!
The centaur warrior is almost dead.
The centaur warrior is engulfed in blazing flames.
You feel the power of Trog in you as your rage grows.
You kill the centaur warrior!
Trog accepts your kill.
Your Long Blades skill increases to level 13!
Your Dodging skill increases to level 7!
Your Stealth skill increases to level 4!
Unknown command.
The boulder beetle curls into a ball and begins rolling!
Things that are here:
a +0 longbow; 20 arrows; a centaur corpse You feel a strong urge to attack something.
You are no longer berserk.
You are exhausted.
You feel yourself slow down.
You open the door. The boulder beetle hits you!!
* * * LOW HITPOINT WARNING * * *
You focus on the pain.
You feel agile all of a sudden.
The boulder beetle stops rolling and uncurls.
Unknown command.
The boulder beetle curls into a ball and begins rolling!
There is an open door here.
The boulder beetle is engulfed in blazing flames.
The boulder beetle barely misses you.
The boulder beetle stops rolling and uncurls.
There's a creature in the doorway!
You hit the boulder beetle but do no damage.
The boulder beetle bites you!!
You die...

▓▓▓▓▓
▓...▓
▓@▓
▓B▓
▓.▓
▓°▓
▓.▓
▓)▓
▓)▓
▓)▓
▓'▓


You could see a boulder beetle.

Vanquished Creatures
  3 centaur warriors (D)
  A deep elf pyromancer (D)
  An orc warrior (D)
  An ogre (D)
  A gnoll sergeant (D)
  2 scorpions (D)
  A hound (D)
  An orc priest (D)
  A gnoll shaman (D)
  An orc (D)
  A bat zombie (D)
  3 goblins (D)
  A hobgoblin (D)
  A frilled lizard (D)
  A jackal zombie (D)
20 creatures vanquished.

Vanquished Creatures (others)
  An unseen horror (D)
1 creature vanquished.

Grand Total: 21 creatures vanquished

Notes
Turn   | Place    | Note
-------+----------+-------------------------------------------
     0 | D        | mhtbhm the Demonspawn Berserker began the quest for the
                  | Orb.
     0 | D        | Reached XP level 1. HP: 18/18 MP: 1/1
     9 | D        | Reached skill level 3 in Long Blades
    12 | D        | Reached ** piety under Trog
   264 | D        | Noticed an ogre
   264 | D        | Noticed a hound
   264 | D        | Noticed a scorpion
   264 | D        | Noticed a scorpion
   270 | D        | Gained mutation: You sometimes gain a little power by
                  | taking damage. [demonic ancestry]
   270 | D        | Reached XP level 2. HP: 25/25 MP: 2/2
   314 | D        | Killed a scorpion
   314 | D        | Reached *** piety under Trog
   315 | D        | Reached skill level 5 in Fighting
   315 | D        | Reached skill level 5 in Long Blades
   315 | D        | Reached XP level 3. HP: 33/33 MP: 3/3
   319 | D        | Killed a scorpion
   320 | D        | Reached skill level 6 in Long Blades
   320 | D        | Reached skill level 1 in Stealth
   320 | D        | Gained mutation: Your demonic aura sometimes causes spilled
                  | blood to erupt in flames. [demonic ancestry]
   320 | D        | Reached XP level 4. HP: 40/40 MP: 4/4
   324 | D        | Reached skill level 7 in Long Blades
   324 | D        | Gained mutation: You are surrounded by a mild repulsion
                  | field. (EV +2) [demonic ancestry]
   324 | D        | Reached XP level 5. HP: 47/47 MP: 5/5
   327 | D        | Killed an ogre
   552 | D        | Found a snail-covered altar of Cheibriados.
   552 | D        | Found a shadowy altar of Dithmenos.
   552 | D        | Found a blossoming altar of Fedhas.
   552 | D        | Found an opulent altar of Gozag.
   553 | D        | Found a hazy altar of Hepliaklqana.
   554 | D        | Found a viscous altar of Jiyva.
   555 | D        | Found an ancient bone altar of Kikubaaqudgha.
   556 | D        | Found a corrupted altar of Lugonu.
   557 | D        | Found a burning altar of Makhleb.
   558 | D        | Found a sparkling altar of Nemelex Xobeh.
   559 | D        | Found an iron altar of Okawaru.
   560 | D        | Found a stormy altar of Qazlal.
   561 | D        | Found a sacrificial altar of Ru.
   562 | D        | Found a shimmering blue altar of Sif Muna.
   563 | D        | Found a bloodstained altar of Trog.
   564 | D        | Found a hide-covered altar of Uskayaw.
   565 | D        | Found a radiant altar of Vehumet.
   566 | D        | Found an ornate altar of the Wu Jian Council.
   567 | D        | Found a shimmering altar of Xom.
   568 | D        | Found a basalt altar of Yredelemnul.
   623 | D        | Noticed an orc warrior
   625 | D        | Reached **** piety under Trog
   629 | D        | Reached skill level 8 in Long Blades
   631 | D        | Gained mutation: You are surrounded by a moderate repulsion
                  | field. (EV +3) [demonic ancestry]
   631 | D        | Reached XP level 6. HP: 56/56 MP: 6/6
   635 | D        | Reached skill level 9 in Long Blades
   638 | D        | Killed an orc warrior
   638 | D        | Reached ***** piety under Trog
   781 | D        | Noticed a centaur warrior
   781 | D        | Noticed a deep elf pyromancer
   781 | D        | Noticed a centaur warrior
   781 | D        | Noticed a centaur warrior
   781 | D        | Noticed a boulder beetle
   796 | D        | Killed a deep elf pyromancer
   797 | D        | Reached skill level 10 in Long Blades
   797 | D        | Reached skill level 5 in Armour
   797 | D        | Reached skill level 5 in Dodging
   797 | D        | Gained mutation: Your demonic aura often causes spilled
                  | blood to erupt in flames. [demonic ancestry]
   797 | D        | Reached XP level 7. HP: 44/64 MP: 7/7
  1009 | D        | Killed an unseen horror
  1010 | D        | Reached skill level 11 in Long Blades
  1014 | D        | Killed a centaur warrior
  1015 | D        | Reached skill level 10 in Fighting
  1015 | D        | Reached skill level 12 in Long Blades
  1015 | D        | Reached XP level 8. HP: 74/74 MP: 8/8
  1020 | D        | Killed a centaur warrior
  1021 | D        | Gained mutation: You have sharp fingernails. [demonic
                  | ancestry]
  1021 | D        | Reached XP level 9. HP: 81/81 MP: 9/9
  1030 | D        | Killed a centaur warrior
  1031 | D        | Reached skill level 13 in Long Blades
  1038 | D        | Slain by a boulder beetle

Illustrated notes

Levels and vault maps discovered:
D:        linesprint [early_d, line_temple, items_1, d_10, items_2, lair_1,
          lair_end, items_3, orc_1, orc_end, items_4, d_15, swamp_1, shoals_1,
          snake_1, spider_1, d_20, vaults_1, items_5, swamp_end, shoals_end,
          snake_end, spider_end, vaults_end, d_27, items_6, zot_1, zot_end,
          crypt_end, forest_end, elf_end, slime_end, tomb_end, abyss_end,
          pan_hell_end]

Skill      XL: |  1  2  3  4  5  6  7  8  9 |
---------------+----------------------------+-----
Long Blades    | 3 5 6 7 8 10 12 13 | 13.5
Dodging        | 2 3 4 5 6 7 |  7.1
Armour         | 2 3 4 5 6 7 |  7.9
Fighting       | 5 6 7 9 10 11 | 11.6
Stealth        | 1 2 3 4 |  4.3
Evocations     | |  0.3

Action                   |  1- 3 |  4- 6 |  7- 9 || total
-------------------------+-------+-------+-------++-------
Melee: Falchion          |    24 |    30 |    33 ||    87
Invok: Berserk           |     3 |     2 |     1 ||     6
Evoke: Wand              |       |     1 |       ||     1
  Use: Potion            |       |       |     1 ||     1
Armor: Animal skin       |     2 |     1 |       ||     3
       Scale mail        |       |     9 |    25 ||    34
Dodge: Dodged            |     7 |    10 |    18 ||    35
       Rpst.: Falchion   |     1 |     3 |     1 ||     5

Table legend: (Time is in decaauts)
 A = Elapsed time spent in this place.
 B = Non-inter-level travel time spent in this place.
 C = Inter-level travel time spent in this place.
 D = Time resting spent in this place.
 E = Time spent auto-exploring this place.
 F = Levels seen in this place.
 G = Mean time per level.
                   A        B        C        D        E       F      G
               +--------+--------+--------+--------+--------+-----+--------+
         Total |   1063 |   1063 |      0 |    875 |      3 |   1 | 1063.0 |
       Dungeon |   1063 |   1063 |      0 |    875 |      3 |   1 | 1063.0 |
               +--------+--------+--------+--------+--------+-----+--------+

Top non-repeatable levels by time:
       D: 1063 daAuts
